 Dungeon Crawl Stone Soup version 0.22-a0-469-gf26638a (webtiles) character file.

25 emperorscorpion the Charmwright (level 3, -9/18 HPs)
             Began as a Vine Stalker Skald on June 13, 2018.
             Killed by divine providence
             ... invoked by an orc priest
              (11 damage)
             ... on level 3 of the Dungeon.
             The game lasted 00:01:36 (145 turns).

emperorscorpion the Charmwright (Vine Stalker Skald) Turns: 145, Time: 00:01:36

Health: -9/18      AC:  4    Str: 13    XL:     3   Next: 6%
Magic:  0/7        EV: 12    Int: 13    God:
Gold:   9          SH:  0    Dex: 14    Spells: 5/6 levels left

rFire    . . .     SeeInvis .   a - +0 short sword
rCold    . . .     Gourm    .   (no shield)
rNeg     . . .     Faith    .   b - +0 leather armour
rPois    .         Spirit   +   c - +0 helmet
rElec    .         Reflect  .   (no cloak)
rCorr    .         Harm     .   (no gloves)
MR       .....                  (no boots)
Stlth    +.........             (no amulet)
HPRegen  0.06/turn              (no ring)
MPRegen  0.10/turn              (no ring)

@: no status effects
A: fangs 2, magic shield, antimagic bite, no potion heal 3, rot immunity
a: no special abilities


You were on level 3 of the Dungeon.
You were not hungry.

You visited 1 branch of the dungeon, and saw 3 of its levels.

You collected 9 gold pieces.

Inventory:

Hand Weapons
 a - a +0 short sword (weapon)
Armour
 b - a +0 leather armour (worn)
 c - a +0 helmet (worn)
Comestibles
 d - 2 rations
 f - 2 chunks of flesh


   Skills:
 + Level 2.2 Fighting
 + Level 2.2 Short Blades
 + Level 1.0 Armour
 + Level 2.0 Dodging
 - Level 2.1 Spellcasting
 - Level 3.0 Charms


You had 5 spell levels left.
You knew the following spells:

 Your Spells              Type           Power        Failure   Level  Hunger
a - Infusion              Chrm           #...         10%         1    ##.....

Your spell library contained the following spells:

 Spells                   Type           Power        Failure   Level  Hunger
 Regeneration             Chrm/Necr      #.........   45%         3    ####...
 Shroud of Golubria       Chrm/Tloc      #.........   26%         2    ###....
 Song of Slaying          Chrm           #.......     14%         2    ###....
 Spectral Weapon          Hex/Chrm       #.......     45%         3    ####...


Dungeon Overview and Level Annotations

Branches:
Dungeon (3/15)

Altars:


Innate Abilities, Weirdness & Mutations

You have extremely sharp teeth.
When hurt, damage is shared between your health and your magic reserves.
Your bite disrupts and absorbs the magic of your enemies.
Potions cannot restore your health.
You are immune to rotting.


Message History

Found a blue potion.
An orc comes into view.
The orc shouts!
You hear a bark! x2
A rat comes into view.
Found a ration.
An orc comes into view. It is wielding a flail.
Found 10 sling bullets.
You see here a ration.
d - 2 rations (gained 1)
The orc shouts!
You hear a shout! x2
A kobold comes into view. It is wielding a short sword.
An orc priest comes into view. It is wielding a whip.
The kobold hits you with a short sword.
* * * LOW HITPOINT WARNING * * *
The kobold hits you with a short sword.
* * * LOW HITPOINT WARNING * * *
The orc priest calls down the wrath of Beogh upon you.
Beogh smites you!
Ouch! That really hurt!
You die...

#........ #.....#
...# #.....# ...#
####.o...####....##
#..................
#.##.......##....##
#.####....o........
#.# #..o..........
#.# #....o@.......
#.# ###...K(...###
#.# #...##...# #.#
#...# #### #.#
#...# #.# #...# #.#
##### #.# ###.#


You could see an orc priest, 3 orcs and a kobold.

Vanquished Creatures
  Robin (D:2)
  11 goblins (D:2)
12 creatures vanquished.

Notes
Turn   | Place    | Note
-------+----------+-------------------------------------------
     0 | D:1      | emperorscorpion the Vine Stalker Skald began the quest for the Orb.
     0 | D:1      | Reached XP level 1. HP: 11/11 MP: 4/4
    17 | D:2      | Noticed Robin
    32 | D:2      | Reached XP level 2. HP: 13/15 MP: 6/6
    61 | D:2      | Killed Robin
    61 | D:2      | Reached skill level 1 in Armour
    71 | D:2      | Reached XP level 3. HP: 4/18 MP: 3/7
   145 | D:3      | Killed from afar by an orc priest

Vault maps used:
D:1:      dpeg_arrival_fog
D:2:      uniq_robin
D:3:      tso_metal_star, first_ration, grunt_decor_one_mirror, uniq_natasha,
          uniq_sigmund

Skill      XL: |  1  2 |
---------------+-------+-----
Fighting       | 2 |  2.2
Short Blades   | 2 |  2.2
Armour         | 1 |  1.0
Dodging        | 2 |  2.0
Spellcasting   | |  2.1
Charms         | |  3.0

Action                   || total
-------------------------++-------
Melee: Short sword       ||    34
       Bite              ||     7
Armor: Leather armour    ||     6
Dodge: Dodged            ||    36

Table legend:
 A = Spawn XP
 B = Non-spawn XP
 C = Spawn XP percentage of total XP
 D = Spawn monster count
 E = Non-spawn monster count
 F = Spawn count percentage of total count
 G = Total turns spent on level
                    A         B        C        D         E        F      G
               +---------+---------+-------+---------+---------+-------+---------
         Total |       0 |      37 |   0.0 |       0 |      12 |   0.0 |   145
               +---------+---------+-------+---------+---------+-------+---------
           D:2 |       0 |      37 |   0.0 |       0 |      12 |   0.0 |   114
               +---------+---------+-------+---------+---------+-------+---------
